Map: Prion Terraces

Players

NoN

  • Race: Zerg Zerg
  • League: Diamond

Seigifried - Winner!

  • Race: Protoss Protoss
  • League: Platinum

Event: Gauntlet LotV Series 1 Qualifier 2

VOD

Have the link to the VOD?

Description

Time

  • Played on: Dec. 5, 2015, 2:13 p.m.
  • Length: 15:13

All games in this series

Show
View Real Time Build Order
Export as new Build Order

NoN Zerg 

Build Orders: Hatch First, Lurkers 

Get SALT Encoding   

  12  0:01  Drone  
  13  0:12  Overlord  
  13  0:17  Drone  
  14  0:31  Drone x2  
  14  0:35  Drone  
  17  0:48  Drone  
  18  0:56  Hatchery  
  17  1:02  Extractor  
  16  1:13  Spawning Pool  
  16  1:14  Drone  
  16  1:22  Drone  
  17  1:34  Drone  
  17  1:35  Drone  
  19  1:44  Overlord  
  19  2:00  Queen  
  21  2:01  Zergling x2  
  22  2:08  Drone  
  22  2:09  Queen  
  22  2:11  Metabolic Boost  
  25  2:33  Hatchery  
  24  2:41  Drone x3  
  27  3:00  Zergling x4  
  27  3:01  Zergling x6  
  32  3:12  Overlord  
  32  3:13  Drone  
  32  3:14  Drone x3  
  36  3:30  Overlord  
  36  3:32  Drone x4  
  40  3:46  Drone x2  
  40  3:47  Drone x2  
  44  3:49  Extractor  
  44  3:50  Drone x2  
  44  3:51  Drone, Queen, Extractor  
  44  3:54  Drone x3  
  50  4:02  Overlord  
  50  4:05  Drone x2  
  50  4:09  Drone  
  53  4:10  Extractor  
  53  4:16  Drone x2  
  54  4:17  Drone  
  55  4:29  Roach Warren, Drone x2  
  55  4:30  Evolution Chamber  
  55  4:36  Drone  
  55  4:38  Drone x3  
  58  4:39  Drone x2  
  58  4:45  Lair  
  61  4:47  Spine Crawler  
  61  4:49  Drone  
  61  4:51  Spine Crawler  
  60  4:56  Zerg Missile Weapons Level 1  
  60  4:59  Drone x3  
  63  5:00  Drone x3  
  63  5:05  Overlord x2  
  63  5:06  Overlord  
  66  5:19  Overlord x2  
  64  5:29  Zergling x18  
  64  5:30  Zergling x6  
  75  5:37  Overlord x2  
  75  5:46  Glial Reconstitution  
  75  5:50  Drone  
  75  5:51  Overlord, Hydralisk Den  
  75  5:52  Zergling x2  
  75  5:53  Overseer  
  75  5:56  Roach x4  
  84  6:08  Roach  
  84  6:09  Roach x9  
  104  6:19  Ravager  
  104  6:20  Ravager x3  
  104  6:22  Overlord  
  108  6:27  Zergling x2  
  108  6:28  Zergling x4  
  108  6:30  Ravager  
  112  6:33  Extractor  
  112  6:37  Drone x2  
  112  6:38  Drone  
  112  6:39  Hydralisk x4  
  120  6:42  Zergling x10  
  127  6:54  Muscular Augments  
  127  6:55  Zergling x2  
  127  6:56  Zergling x4  
  130  7:03  Overlord x3  
  129  7:11  Drone x5  
  129  7:13  Extractor  
  129  7:14  Zergling x8  
  137  7:17  Overlord x2  
  137  7:22  Ravager x2  
  140  7:23  Ravager x2  
  140  7:25  Zergling x2  
  140  7:26  Zergling x2  
  140  7:27  Zergling x2  
  142  7:41  Hatchery  
  104  7:51  Zergling x2  
  104  7:52  Zergling x24  
  91  8:19  Lurker Den  
  91  8:20  Zerg Missile Weapons Level 2  
  91  8:23  Evolution Chamber  
  91  8:26  Hydralisk x3  
  91  8:27  Hydralisk x6  
  89  8:32  Queen  
  89  8:33  Hatchery  
  106  8:35  Overseer  
  106  8:43  Drone  
  106  8:46  Drone x6, Infestation Pit  
  106  8:48  Hydralisk x2  
  112  8:53  Zerg Ground Armor Level 1  
  116  8:56  Hydralisk  
  116  8:57  Hydralisk x3  
  124  9:09  Queen  
  124  9:12  Drone x3, Extractor  
  124  9:14  Drone x3, Extractor  
  130  9:18  Roach x2  
  130  9:19  Roach x4  
  130  9:22  Hive  
  142  9:32  Drone  
  142  9:33  Spine Crawler  
  142  9:48  Lurker x6  
  142  9:50  Zergling x28  
  142  9:51  Zergling x4  
  163  10:23  Drone x3  
  163  10:24  Hatchery  
  163  10:25  Zergling x8  
  163  10:26  Zergling x24  
  163  10:27  Overlord x2  
  163  10:28  Overlord x3  
  181  10:42  Zerg Missile Weapons Level 3  
  181  10:48  Pneumatized Carapace  
  105  11:26  Roach x10  
  105  11:32  Roach x2  
  123  11:33  Roach x14  
  143  11:47  Spire  
  142  11:54  Zerg Ground Armor Level 2  
  142  11:58  Ultralisk Cavern  
  141  12:05  Extractor x2  
  139  12:17  Ravager x3  
  139  12:18  Hatchery, Ravager x13  
  139  12:19  Zergling x2  
  139  12:20  Zergling x38  
  139  12:21  Zergling x10  
  179  12:39  Overseer  
  173  12:55  Spine Crawler  
  79  13:13  Ultralisk x5  
  79  13:14  Ultralisk  
  79  13:15  Ultralisk  
  79  13:19  Zergling x2  
  127  13:20  Zergling x14  
  129  13:30  Chitinous Plating  
  129  13:42  Zergling x18  
  138  14:02  Roach x2  
  144  14:03  Roach x3  
  144  14:04  Zergling x2  
  144  14:05  Zergling x12  
  155  14:27  Drone x4  
  155  14:31  Spore Crawler  
  158  14:34  Overseer  
  157  14:43  Overseer x2  
  146  14:48  Zergling x2  
  146  14:49  Zergling x34  
Show
View Real Time Build Order
Export as new Build Order

Seigifried Protoss - Winner!

Build Orders:  

Get SALT Encoding   

  12  0:02  Probe (Chrono Boost)  
  13  0:13  Probe (Chrono Boost)  
  14  0:20  Pylon  
  14  0:28  Probe (Chrono Boost)  
  15  0:38  Probe (Chrono Boost)  
  16  0:43  Gateway  
  16  0:46  Assimilator  
  16  0:49  Probe (Chrono Boost)  
  17  0:59  Probe (Chrono Boost)  
  18  1:10  Probe (Chrono Boost)  
  19  1:20  Probe (Chrono Boost)  
  19  1:21  Pylon  
  20  1:29  Assimilator  
  20  1:31  Probe (Chrono Boost)  
  21  1:35  Cybernetics Core  
  21  1:43  Probe (Chrono Boost)  
  22  2:05  Nexus  
  22  2:13  Mothership Core (Chrono Boost)  
  24  2:20  Pylon  
  24  2:29  Adept, Warp Gate  
  25  2:32  Probe (Chrono Boost)  
  26  2:52  Robotics Facility  
  26  2:55  Gateway  
  26  3:11  Gateway  
  26  3:14  Pylon  
  26  3:27  Probe x2 (Chrono Boost)  
  28  3:34  Adept  
  28  3:39  Warp Prism (Chrono Boost)  
  32  3:42  Probe (Chrono Boost)  
  32  3:46  Probe (Chrono Boost)  
  34  3:54  Probe (Chrono Boost)  
  35  3:57  Probe (Chrono Boost)  
  36  4:05  Probe (Chrono Boost)  
  36  4:07  Probe (Chrono Boost)  
  38  4:10  Robotics Bay  
  38  4:15  Probe (Chrono Boost)  
  39  4:25  Probe (Chrono Boost)  
  39  4:26  Probe (Chrono Boost)  
  39  4:29  Immortal  
  45  4:35  Sentry  
  45  4:36  Probe (Chrono Boost)  
  48  4:39  Probe (Chrono Boost)  
  49  4:47  Adept x2  
  49  4:50  Probe (Chrono Boost)  
  49  4:51  Probe (Chrono Boost)  
  55  5:00  Twilight Council, Pylon  
  55  5:02  Probe x2 (Chrono Boost)  
  57  5:11  Pylon  
  57  5:21  Probe x2 (Chrono Boost)  
  59  5:22  Immortal  
  63  5:36  Probe x2 (Chrono Boost)  
  63  5:38  Charge (Chrono Boost)  
  63  5:39  Assimilator  
  63  5:41  Assimilator  
  65  5:49  Gateway  
  65  5:50  Gateway  
  65  5:51  Gateway  
  65  5:54  Pylon  
  65  5:55  Probe (Chrono Boost)  
  65  5:56  Probe (Chrono Boost)  
  67  6:05  Immortal  
  71  6:17  Forge  
  71  6:23  Gravitic Drive  
  71  6:26  Nexus  
  71  6:31  Sentry  
  71  6:32  Sentry, Zealot  
  77  6:38  Pylon x2  
  77  6:54  Immortal  
  77  6:56  Templar Archives  
  81  7:03  Photon Cannon  
  81  7:04  Photon Cannon  
  81  7:11  Photon Cannon  
  81  7:13  Probe, Photon Cannon  
  82  7:18  Protoss Ground Weapons Level 1 (Chrono Boost)  
  82  7:21  Psionic Storm  
  82  7:25  Sentry  
  82  7:27  Zealot x2  
  88  7:43  Zealot x3  
  90  7:47  Zealot  
  74  7:57  Mothership Core  
  64  7:59  Zealot x2  
  64  8:04  Zealot x3  
  74  8:19  Probe x2  
  76  8:25  Zealot  
  76  8:26  Zealot x5  
  88  8:36  Probe  
  88  8:37  Probe  
  90  8:43  Photon Cannon x2  
  90  8:47  High Templar x4  
  98  8:52  High Templar  
  98  8:53  High Templar  
  102  8:58  Archon  
  102  9:01  Photon Cannon  
  102  9:04  Photon Cannon  
  102  9:05  Photon Cannon  
  102  9:07  Photon Cannon  
  102  9:13  Immortal (Chrono Boost), Protoss Ground Weapons Level 2 (Chrono Boost)  
  106  9:23  Assimilator  
  106  9:31  Zealot x3  
  106  9:32  Zealot  
  106  9:35  Assimilator  
  114  9:46  Zealot  
  116  9:59  High Templar  
  116  10:03  Probe  
  116  10:04  Pylon  
  116  10:05  Pylon  
  117  10:20  Probe  
  117  10:21  Photon Cannon  
  117  10:22  Probe  
  117  10:23  Immortal (Chrono Boost), High Templar  
  117  10:24  High Templar x2, Photon Cannon  
  117  10:25  Zealot x2  
  117  10:26  Pylon  
  133  10:35  Gateway  
  133  10:36  Archon x2  
  133  10:38  Gateway  
  133  10:41  Pylon  
  133  10:44  Pylon  
  133  10:45  Pylon  
  133  10:46  Pylon  
  133  10:48  High Templar x2  
  137  10:53  Archon  
  137  10:54  Zealot  
  137  10:56  Zealot  
  141  11:00  Immortal (Chrono Boost)  
  145  11:04  Pylon  
  141  11:13  Zealot x2  
  141  11:16  Zealot x2  
  127  11:31  Zealot x2  
  109  11:34  Observer (Chrono Boost)  
  109  11:36  High Templar x2  
  109  11:37  High Templar  
  109  11:38  Zealot  
  114  11:44  Zealot  
  114  11:45  Zealot  
  118  11:51  Protoss Ground Weapons Level 3  
  118  11:53  Observer (Chrono Boost)  
  119  11:55  Robotics Facility  
  119  11:58  Zealot x2  
  119  11:59  Zealot  
  125  12:02  Photon Cannon  
  125  12:03  Photon Cannon  
  125  12:04  Photon Cannon  
  125  12:07  Mothership Core  
  125  12:11  Observer Gravitic Boosters, Pylon  
  125  12:12  Immortal (Chrono Boost)  
  125  12:13  Dark Shrine  
  131  12:27  Photon Cannon  
  131  12:28  Photon Cannon, High Templar x2  
  135  12:30  Photon Cannon  
  135  12:32  Zealot x2  
  135  12:34  Archon  
  136  12:45  Zealot x3  
  136  12:46  Zealot  
  144  12:52  Immortal (Chrono Boost)  
  148  13:03  Zealot x2  
  148  13:04  Zealot x2  
  113  13:13  High Templar x3  
  113  13:14  High Templar  
  121  13:20  Archon x2  
  125  13:31  Immortal (Chrono Boost)  
  125  13:38  High Templar  
  125  13:39  Zealot, High Templar  
  131  13:54  High Templar  
  133  13:55  Archon  
  133  13:57  Nexus  
  133  13:59  Pylon  
  133  14:02  Immortal (Chrono Boost), Zealot x3  
  143  14:08  Pylon  
  143  14:18  Zealot x3  
  143  14:19  Zealot  
  143  14:23  High Templar x2  
  155  14:27  Dark Templar  
  157  14:39  Zealot x3  
  157  14:44  Probe  
Tags
 
Add a new tag
Caveats
  • Supply blocks, unpowered buildings, or Contaminate may cause inaccurate times.
  • Supply counts are checked every 10 seconds.